AoeStats
← närdu

Arena

505732092Analyzed
4v4 RM · 21d ago on Sep 10, 2026· 40m 39s· 8 players
Game mode
Random Map
Map size
Large (8 player)
Population
200
Speed
Normal
Resources
Standard
Victory
Conquest
Starting age
Dark Age
Ending age
Imperial Age
RankedLock teamsTeams togetherTeam positionsShared explorationLock speedFull tech treeHidden civsTurbo modeCheats
Victory
Defeat
🇧🇷 Khmer · Brazil
1397
+15
🇹🇷 Mongols · Türkiye
1365
+17
🇪🇸 Shu · Spain
1365
+17
🇰🇷 Berbers · South Korea
1349
+17
🇮🇹 Burgundians · Italy
1533
-23
🇦🇹 Bohemians · Austria
1365
-16
🇮🇹 Teutons · Italy
1326
-14
🇮🇹 Lithuanians · Italy
1290
-13
pauito79_ator
6:18 Loom
9:12 Feudal Age
10:07 Double-Bit Axe
11:34 Fletching
20:02 Castle Age
19:20 Stone Mining
19:23 Gold Mining
19:15 Horse Collar
30:36 Heavy Plow
31:04 Scale Mail Armor
31:10 Squires
32:09 Town Watch
32:23 Pikeman
33:19 Chain Mail Armor
33:15 Forging
34:49 Wheelbarrow
35:38 Town Patrol
38:16 Gold Shaft Mining
41:01 Imperial Age
38:58 Arson
39:38 Hand Cart
40:07 Gambesons
39:42 Man-at-Arms
kdu0687
11:05 Feudal Age
15:44 Castle Age
13:47 Double-Bit Axe
15:40 Wheelbarrow
16:36 Horse Collar
17:10 Bow Saw
18:18 Heavy Plow
18:15 Gold Mining
25:27 Loom
26:18 Stone Mining
27:57 Stone Shaft Mining
28:14 Treadmill Crane
32:14 Imperial Age
29:39 Fletching
29:49 Padded Archer Armor
30:40 Ballistics
30:41 Husbandry
30:56 Thumb Ring
30:50 Bodkin Arrow
31:20 Hand Cart
31:38 Bloodlines
31:49 Kasbah
32:07 Leather Archer Armor
32:03 Forging
31:58 Scale Barding Armor
33:12 Gold Shaft Mining
32:34 Light Cavalry
33:35 Bracer
35:02 Ring Archer Armor
35:39 Conscription
35:40 Heavy Camel Rider
37:33 Crop Rotation
36:49 Town Watch
38:09 Chemistry
37:46 Iron Casting
37:32 Chain Barding Armor
37:51 Maghrebi Camels
38:07 Hussar
40:34 Blast Furnace
40:09 Plate Barding Armor
KhanShinnok
11:02 Feudal Age
12:22 Loom
15:17 Castle Age
13:57 Double-Bit Axe
14:14 Horse Collar
16:15 Bow Saw
16:25 Heavy Plow
20:12 Wheelbarrow
19:59 Fletching
20:50 Bodkin Arrow
25:14 Padded Archer Armor
26:19 Leather Archer Armor
Ypsilon
10:13 Feudal Age
13:49 Castle Age
11:42 Double-Bit Axe
14:44 Bow Saw
17:31 Loom
18:55 Horse Collar
20:42 Wheelbarrow
22:01 Heavy Plow
22:30 Stone Mining
22:32 Gold Mining
24:24 Hand Cart
24:48 Stone Shaft Mining
24:58 Gold Shaft Mining
26:30 Scale Barding Armor
26:46 Bloodlines
26:44 Husbandry
26:38 Light Cavalry
28:28 Chain Barding Armor
29:57 Forging
31:14 Iron Casting
34:14 Imperial Age
34:09 Ballistics
34:18 Elite Ballista Elephant
35:17 Double Crossbow
35:28 Double Crossbow
35:49 Conscription
36:30 Plate Barding Armor
36:10 Double Crossbow
37:16 Chemistry
35:37 Hussar
39:03 Blast Furnace
38:08 Herbal Medicine
38:29 Siege Engineers
Mich
10:56 Feudal Age
14:44 Castle Age
15:26 Gold Mining
16:40 Bloodlines
20:07 Scale Barding Armor
25:38 Forging
28:19 Husbandry
31:12 Wheelbarrow
31:09 Light Cavalry
34:11 Chain Barding Armor
34:26 Iron Casting
34:05 Fletching
34:15 Padded Archer Armor
34:25 Pikeman
35:05 Squires
34:36 Elite Skirmisher
35:18 Scale Mail Armor
37:48 Bodkin Arrow
40:06 Thumb Ring
40:18 Leather Archer Armor
41:16 Chain Mail Armor
Nick
10:58 Feudal Age
14:38 Castle Age
12:40 Double-Bit Axe
16:19 Horse Collar
16:51 Bow Saw
17:05 Heavy Plow
21:43 Forging
22:52 Gold Mining
23:16 Scale Barding Armor
24:14 Wheelbarrow
24:54 Iron Casting
24:51 Bloodlines
27:30 Chain Barding Armor
29:45 Stone Mining
32:15 Hand Cart
32:17 Caravan
38:34 Imperial Age
38:34 Cavalier
39:55 Plate Barding Armor
40:21 Blast Furnace
Catipan Dixlesya
4:17 Double-Bit Axe
10:36 Feudal Age
16:33 Castle Age
15:08 Horse Collar
17:22 Scale Mail Armor
17:13 Loom
18:13 Squires
18:32 Arson
20:48 Chain Mail Armor
24:37 Bow Saw
24:24 Gold Mining
29:33 Fortified Wall
30:41 Wheelbarrow
32:17 Hand Cart
35:46 Imperial Age
33:34 Hand Cart
33:04 Town Watch
35:03 Gold Shaft Mining
34:53 Guilds
34:54 Forging
35:09 Pikeman
36:11 Halberdier
37:22 Plate Mail Armor
37:28 Iron Casting
36:18 Man-at-Arms
närdu
10:55 Feudal Age
13:34 Loom
16:10 Castle Age
14:28 Double-Bit Axe
15:45 Horse Collar
17:14 Bow Saw
19:18 Chemistry
18:22 Heavy Plow
24:22 Wheelbarrow
27:10 Padded Archer Armor
38:42 Imperial Age
36:44 Leather Archer Armor
38:14 Hand Cart
38:20 Wagenburg Tactics
Connection lost

Rejoining the realm…

Still unreachable

The connection could not be restored.

Session expired

The server has moved on; the page needs a fresh start.